AoeStats
← BottleDry

African Clearing

506691765Analyzed
4v4 RM · 18d ago on Sep 14, 2026· 93m 19s· 8 players
Game mode
Random Map
Map size
Large (8 player)
Population
200
Speed
Normal
Resources
Standard
Victory
Conquest
Starting age
Dark Age
Ending age
Imperial Age
RankedLock teamsTeams togetherTeam positionsShared explorationLock speedFull tech treeHidden civsTurbo modeCheats
Victory
Defeat
🇺🇸 Spanish · United States
946
+15
🇳🇴 Huns · Norway
928
+16
🇨🇳 Japanese · China
916
+16
🇫🇷 Franks · France
912
+17
🇩🇪 Chinese · Germany
962
-17
🇩🇪 Vietnamese · Germany
947
-17
🇩🇪 Goths · Germany
899
-15
🇩🇪 Teutons · Germany
897
-15
BottleDry
4:01 Loom
15:01 Feudal Age
16:13 Double-Bit Axe
16:19 Horse Collar
18:46 Castle Age
18:21 Bloodlines
24:46 Scale Barding Armor
24:58 Forging
25:13 Heavy Plow
25:44 Husbandry
26:47 Chain Barding Armor
28:15 Iron Casting
29:32 Gold Mining
29:35 Stone Mining
32:27 Wheelbarrow
33:41 Padded Archer Armor
33:31 Fletching
34:28 Fervor
34:43 Leather Archer Armor
36:35 Sanctity
39:57 Imperial Age
37:19 Town Watch
39:56 Devotion
40:06 Redemption
41:04 Conscription
41:26 Block Printing
42:36 Ring Archer Armor
42:01 Bodkin Arrow
42:47 Elite Skirmisher
xelar
9:45 Loom
14:38 Feudal Age
16:25 Double-Bit Axe
19:17 Castle Age
20:44 Wheelbarrow
19:55 Town Watch
20:23 Bow Saw
28:12 Hand Cart
29:41 Scale Mail Armor
32:13 Gold Mining
32:14 Stone Mining
36:35 Imperial Age
34:28 Forging
34:21 Padded Archer Armor
36:17 Chain Mail Armor
36:37 Iron Casting
36:08 Scale Barding Armor
35:54 Fletching
37:14 Gold Shaft Mining
37:14 Cavalier
39:22 Blast Furnace
39:36 Elite Throwing Axeman
40:48 #83
41:04 Chain Barding Armor
42:01 Conscription
41:42 Chivalry
42:39 Plate Mail Armor
42:05 Bodkin Arrow
42:03 Paladin
51:01 Husbandry
66:04 Caravan
82:07 Padded Archer Armor
82:43 Plate Barding Armor
stensland88
10:10 Loom
13:17 Loom
15:13 Feudal Age
13:29 Loom
19:35 Castle Age
17:38 Double-Bit Axe
19:27 Wheelbarrow
19:03 Horse Collar
20:40 Bow Saw
20:26 Stone Mining
24:50 Fishing Lines
25:35 Heavy Plow
26:50 Hand Cart
27:03 Gillnets
29:17 Gold Mining
30:10 Husbandry
30:21 Bloodlines
30:25 Scale Barding Armor
30:55 Light Cavalry
30:58 Elite Skirmisher
32:14 Chain Barding Armor
33:04 Forging
37:50 Imperial Age
35:06 Town Watch
35:26 Padded Archer Armor
35:17 Fletching
36:23 Marauders
37:34 Gold Shaft Mining
38:06 Cavalier
40:12 Two-Man Saw
39:56 Iron Casting
40:10 Paladin
40:26 Hussar
43:53 Elite Tarkan
45:06 Conscription
47:02 Ballistics
47:43 Chemistry
46:39 Murder Holes
46:55 Masonry
48:41 Blast Furnace
48:16 Plate Barding Armor
47:42 Scale Mail Armor
47:58 Leather Archer Armor
47:38 Bodkin Arrow
48:10 Atheism
51:03 Town Patrol
52:43 Sappers
57:52 Squires
57:13 Pikeman
57:39 Arson
57:14 Man-at-Arms
58:19 Chain Mail Armor
59:09 Thumb Ring
58:25 Crossbowman
70:39 Halberdier
70:39 Long Swordsman
71:26 Two-Handed Swordsman
81:03 Bracer
84:19 Caravan
东风51洲际导弹
4:31 Loom
16:51 Feudal Age
17:18 Horse Collar
17:27 Double-Bit Axe
25:41 Town Watch
28:36 Castle Age
33:23 Imperial Age
32:13 Squires
31:59 Arson
32:25 Forging
32:15 Scale Mail Armor
34:04 Elite Samurai
35:05 Conscription
36:40 Chain Mail Armor
37:00 Iron Casting
38:22 Fishing Lines
39:26 Plate Mail Armor
39:56 Blast Furnace
40:23 Wheelbarrow
39:49 Town Patrol
40:01 Bow Saw
40:44 Gold Mining
41:05 Gillnets
49:38 Pikeman
53:32 Caravan
58:41 Elite Skirmisher
59:20 Fletching
59:30 Padded Archer Armor
63:14 Bodkin Arrow
63:35 Leather Archer Armor
65:37 Bracer
66:07 Ring Archer Armor
68:47 Chemistry
68:08 Ballistics
67:33 Arrowslits
68:01 Masonry
70:14 Hand Cart
74:59 Fortified Wall
87:45 Two-Man Saw
TrichterRichter
11:50 Loom
15:38 Feudal Age
18:16 Wheelbarrow
21:19 Stone Mining
21:21 Gold Mining
21:16 Horse Collar
24:27 Castle Age
23:30 Double-Bit Axe
26:07 Hand Cart
26:08 Bow Saw
26:01 Heavy Plow
26:50 Scale Barding Armor
29:36 Stone Mining
35:04 Chain Barding Armor
34:55 Forging
34:35 Fletching
34:46 Padded Archer Armor
35:10 Pikeman
35:50 Squires
35:52 Scale Mail Armor
36:26 Husbandry
36:37 Bloodlines
37:28 Ballistics
36:33 Elite Skirmisher
37:19 Thumb Ring
38:22 Stone Shaft Mining
41:51 Imperial Age
40:14 Leather Archer Armor
39:54 Bodkin Arrow
40:35 Iron Casting
41:03 Chain Mail Armor
41:02 Caravan
42:45 Imperial Skirmisher
42:58 Elite Battle Elephant
43:40 Chatras
44:00 Paper Money
45:04 Plate Barding Armor
44:59 Ring Archer Armor
44:30 Bracer
45:00 Plate Mail Armor
46:08 Halberdier
48:14 Crop Rotation
48:59 Elite Fire Lancer
51:18 Ring Archer Armor
59:50 Two-Man Saw
59:49 Murder Holes
72:46 Chemistry
72:20 Plate Mail Armor
nice_am_been
3:30 Loom
15:03 Feudal Age
17:54 Double-Bit Axe
21:39 Castle Age
19:50 Padded Archer Armor
19:47 Gold Mining
23:34 Fletching
24:02 Leather Archer Armor
24:45 Crossbowman
25:29 Bodkin Arrow
34:00 Horse Collar
35:01 Wheelbarrow
35:39 Bow Saw
37:02 Thumb Ring
37:23 Stone Mining
38:11 Gold Shaft Mining
38:59 Hand Cart
39:56 Stone Shaft Mining
47:06 Imperial Age
47:24 Arbalester
49:42 Ring Archer Armor
49:12 Bracer
53:26 Heavy Cavalry Archer
57:58 Ballistics
58:44 Chemistry
57:28 Capped Ram
58:29 Siege Ram
69:28 Caravan
69:52 Squires
69:41 Pikeman
70:27 Halberdier
70:56 Arson
72:53 Scale Mail Armor
73:04 Forging
74:19 Chain Mail Armor
75:19 Iron Casting
76:38 Plate Mail Armor
80:24 Blast Furnace
89:54 Two-Man Saw
Phoenix
4:51 Loom
15:33 Feudal Age
16:03 Double-Bit Axe
17:53 Wheelbarrow
22:51 Castle Age
22:29 Horse Collar
22:47 Gold Mining
23:21 Crossbowman
27:22 Bow Saw
28:39 Man-at-Arms
29:28 Pikeman
31:28 Fletching
32:05 Squires
34:50 Elite Skirmisher
38:19 Bodkin Arrow
38:25 Padded Archer Armor
38:26 Scale Mail Armor
38:36 Forging
39:14 Hand Cart
44:43 Imperial Age
41:58 Town Watch
46:10 Ballistics
46:01 Masonry
ha3raLe
15:43 Feudal Age
16:17 Double-Bit Axe
16:22 Horse Collar
18:27 Wheelbarrow
22:57 Castle Age
21:48 Forging
24:01 Bow Saw
23:57 Heavy Plow
24:15 Squires
23:36 Pikeman
24:19 Scale Mail Armor
27:53 Hand Cart
27:33 Gold Mining
29:10 Town Watch
35:02 Imperial Age
34:02 Masonry
34:30 Town Patrol
37:12 Crop Rotation
36:25 Elite Skirmisher
36:32 Halberdier
37:54 Iron Casting
37:35 Chain Mail Armor
39:51 Two-Man Saw
39:17 Conscription
40:14 Chemistry
39:05 Heated Shot
39:38 Ballistics
39:18 Imperial Skirmisher
41:48 Blast Furnace
40:39 Fletching
40:50 Padded Archer Armor
40:53 Perfusion
40:54 Anarchy
40:16 Elite Huskarl
42:01 Stone Mining
41:47 Sappers
44:48 Bodkin Arrow
45:09 Leather Archer Armor
45:51 Man-at-Arms
47:58 Long Swordsman
49:25 Two-Handed Swordsman
51:16 Bracer
51:47 Ring Archer Armor
Connection lost

Rejoining the realm…

Still unreachable

The connection could not be restored.

Session expired

The server has moved on; the page needs a fresh start.